 Dungeon Crawl Stone Soup version 0.29-a0-275-g389c0b56f3 (webtiles) character file.

Game seed: 11202372243660794530

161 chopper the Conjurer (level 5, -15/38 HPs)
             Began as a Human Conjurer on Mar 13, 2022.
             Was an Initiate of Sif Muna.
             Demolished by an ogre
             ... wielding a +0 giant club
              (27 damage)
             ... on level 5 of the Dungeon.
             The game lasted 00:52:36 (4526 turns).

chopper the Conjurer (Human Conjurer)               Turns: 4526, Time: 00:52:36

Health: -15/38     AC:  6    Str:  8    XL:     5   Next: 70%
Magic:  9/9        EV:  8    Int: 20    God:    Sif Muna [......]
Gold:   208        SH:  0    Dex: 11    Spells: 3/9 levels left

rFire   . . .      SeeInvis .   p - +4 dagger (elec)
rCold   . . .      Faith    .   (no shield)
rNeg    . . .      Spirit   .   t - +0 scale mail
rPois   .          Reflect  .   (no helmet)
rElec   .          Harm     .   (no cloak)
rCorr   +          Rampage  .   (no gloves)
Will    .....                   (no boots)
Stlth   ..........              (no amulet)
HPRegen 0.12/turn               k - ring of resist corrosion
MPRegen 0.11/turn               i - ring of wizardry

@: no status effects
A: no striking features
a: Renounce Religion


You were on level 5 of the Dungeon.
You worshipped Sif Muna.
Sif Muna was noncommittal.
You visited 1 branch of the dungeon, and saw 5 of its levels.

You collected 208 gold pieces.

Inventory:

Hand Weapons
 f - a +2 dagger of holy wrath
 j - a +0 hunting sling
 p - a +4 dagger of electrocution (weapon)
Missiles
 r - 60 stones
Armour
 t - a +0 scale mail (worn)
Jewellery
 a - a ring of ice
 i - a ring of wizardry (right hand)
 k - a ring of resist corrosion (left hand)
Scrolls
 c - 4 scrolls of identify
 d - a scroll of noise
 g - a scroll of enchant weapon
 h - a scroll of teleportation
Potions
 b - 2 potions of magic
 e - a potion of flight


   Skills:
 * Level 1.8 Fighting
 + Level 0.7 Short Blades
 + Level 2.0 Armour
 + Level 2.2 Dodging
 + Level 2.2 Stealth
 + Level 2.8 Spellcasting
 + Level 4.8 Conjurations


You had 3 spell levels left.
You knew the following spells:

 Your Spells              Type           Power      Damage    Failure   Level
a - Magic Dart            Conj           88%        1d7       8%          1
b - Searing Ray           Conj           44%        2d6       12%         2
c - Stone Arrow           Conj/Erth      24%        3d8       50%         3

Your spell library contained the following spells:

 Spells                   Type           Power      Damage    Failure   Level
 Shock                    Conj/Air       48%        1d6       21%         1
 Beastly Appendage        Tmut           4%         N/A       45%         1
 Dazzling Flash           Conj/Hex       24%        N/A       50%         3
 Blink                    Tloc           4%         N/A       58%         2
 Wereblood                Tmut           2%         N/A       58%         2
 Lesser Beckoning         Tloc           2%         N/A       82%         3
 Spider Form              Tmut/Pois      2%         N/A       82%         3
 Swiftness                Air            2%         N/A       82%         3
 Tukima's Dance           Hex            2%         N/A       82%         3
 Fulminant Prism          Conj/Hex       6%         3d7       86%         4
 Iskenderun's Mystic Bla  Conj/Tloc      12%        2d5       86%         4
 Airstrike                Air            1%         N/A       99%         4
 Anguish                  Hex/Necr       1%         N/A       99%         4
 Animate Armour           Summ/Erth      4%         N/A       99%         4
 Manifold Assault         Tloc           2%         N/A       100%        5
 Enfeeble                 Hex            1%         N/A       100%        7
 Lehudib's Crystal Spear  Conj/Erth      6%         10d3      100%        8


Dungeon Overview and Level Annotations

Branches:
Dungeon (5/15)
 Temple: D:4-7

Altars:
Sif Muna


Message History

You hit the ufetubus. Lightning courses through the ufetubus!
You kill the ufetubus!
Sif Muna accepts your kill.
Found a blackened cabochon ring.
c - 4 scrolls of identify (gained 1)
Found 13 gold pieces.
Found a smoky emerald potion.
i - a ring of wizardry You now have 196 gold pieces (gained 13).
l - a smoky emerald potion
i - a ring of wizardry (right hand) It was a potion of berserk rage.
A red film seems to cover your vision as you go berserk!
You feel yourself moving faster!
You feel mighty!
You feel a strong urge to attack something.
You feel your anger nearly subside.
You are no longer berserk.
You are exhausted.
You feel yourself slow down.
You feel yourself speed up.
You recover from your berserk rage.
There is a stone staircase leading down here.
You climb downwards.
There is a stone staircase leading up here.
Found 12 gold pieces.
You now have 208 gold pieces (gained 12).
An ogre comes into view. It is wielding a +0 giant club.
The ogre shouts!
The ogre hits you with a +0 giant club!!
Ouch! That really hurt!
* * * LOW HITPOINT WARNING * * *
As you read the scroll of teleportation, it crumbles to dust.
You feel strangely unstable.
Unknown command.
As you read the scroll of teleportation, it crumbles to dust.
You feel strangely stable. The ogre closely misses you.
The ogre completely misses you.
The ogre hits you with a +0 giant club!!
Ouch! That really hurt!
You die...

#.. ..# #.# #.#
#.# #.# #.# #.#
#.# #.###.###
##.#####........
#........#
#.O####### ##@.#
#...# #..## #<.#
#..# #..# #..#
#..# #..#


You could see an ogre.

Vanquished Creatures
  A hound (D:4)
  An iguana (D:4)
  Robin (D:2)
  2 adders
  An ufetubus (D:4)
  2 dart slugs
  2 orcs (D:4)
  5 ball pythons
  5 endoplasms
  A giant cockroach (D:3)
  6 goblins
  11 hobgoblins
  8 kobolds
  5 quokkas
  8 bats
  2 frilled lizards
  4 rats
65 creatures vanquished.

Notes
Turn   | Place    | Note
-------+----------+-------------------------------------------
     0 | D:1      | chopper the Human Conjurer began the quest for the Orb.
     0 | D:1      | Reached XP level 1. HP: 13/13 MP: 3/3
     0 | D:1      | Noticed a demigod
     9 | D:1      | Noticed a vampire
    19 | D:1      | Noticed a demigod
    19 | D:1      | Noticed a vine stalker
    25 | D:1      | Noticed a ghoul
   322 | D:1      | Reached XP level 2. HP: 18/19 MP: 3/5
  1198 | D:1      | Learned a level 2 spell: Searing Ray
  1262 | D:1      | Reached XP level 3. HP: 25/25 MP: 0/6
  1621 | D:2      | Noticed Robin
  1629 | D:2      | Killed Robin
  1935 | D:1      | Reached XP level 4. HP: 19/31 MP: 5/7
  1938 | D:1      | Reached skill level 1 in Armour
  2286 | D:2      | Reached skill level 1 in Fighting
  2463 | D:2      | Found a faded altar of an unknown god.
  3585 | D:4      | Found a shimmering blue altar of Sif Muna.
  3665 | D:4      | Reached XP level 5. HP: 10/37 MP: 7/9
  4000 | D:4      | Became a worshipper of Sif Muna the Loreminder
  4198 | D:4      | Learned a level 3 spell: Stone Arrow
  4501 | D:5      | Entered Level 5 of the Dungeon
  4514 | D:5      | Noticed an ogre
  4526 | D:5      | Demolished by an ogre

Illustrated notes

Levels and vault maps discovered:
D:1:      shiori_arrival_whats_in_store_for_you, layout_loops_corners
D:2:      layout_rooms, basic_ecumenical_altar, uniq_robin
D:3:      layout_loops_ring, uniq_crazy_yiuf_cottage
D:4:      layout_rooms, nicolae_overflow_crystal_walls
D:5:      layout_loops_ring, temple_fountains, uniq_ijyb, uniq_prince_ribbit1,
          uniq_edmund

Skill      XL: |  1  2  3  4  5 |
---------------+----------------+-----
Armour         | 1 2 |  2.0
Fighting       | 1 |  1.8
Short Blades   | |  0.7
Dodging        | |  2.2
Stealth        | |  2.2
Spellcasting   | |  2.8
Conjurations   | |  4.8

Action                   |  1- 3 |  4- 6 || total
-------------------------+-------+-------++-------
Melee: Whip              |     8 |       ||     8
       Unarmed           |     1 |       ||     1
       Dagger            |    23 |    66 ||    89
 Cast: Magic Dart        |    55 |    24 ||    79
  Use: Potion            |     6 |     4 ||    10
       Scroll            |     3 |     6 ||     9
Armor: Ring mail         |    16 |       ||    16
       Scale mail        |    18 |    49 ||    67
Dodge: Dodged            |    38 |    46 ||    84

Table legend: (Time is in decaauts)
 A = Elapsed time spent in this place.
 B = Non-inter-level travel time spent in this place.
 C = Inter-level travel time spent in this place.
 D = Time resting spent in this place.
 E = Time spent auto-exploring this place.
 F = Levels seen in this place.
 G = Mean time per level.
                   A        B        C        D        E       F      G
               +--------+--------+--------+--------+--------+-----+--------+
         Total |   4515 |   4515 |      0 |    277 |      0 |   5 |  903.0 |
       Dungeon |   4515 |   4515 |      0 |    277 |      0 |   5 |  903.0 |
               +--------+--------+--------+--------+--------+-----+--------+

Top non-repeatable levels by time:
     D:1: 1912 daAuts
     D:4: 945 daAuts
     D:3: 848 daAuts
     D:2: 783 daAuts
     D:5: 24 daAuts
